 Dungeon Crawl Stone Soup version 0.20.0-15-g7f486f2 (webtiles) character file.

152 Chiseanne the Magician (level 5, 0/36 HPs)
             Began as a Demonspawn Wizard on June 15, 2017.
             Succumbed to a scorpion's poison
             ... on level 3 of the Dungeon.
             The game lasted 00:07:05 (3505 turns).

Chiseanne the Magician (Demonspawn Wizard)          Turns: 3505, Time: 00:07:06

Health: 0/36       AC:  5    Str:  7 (8)  XL:     5   Next: 11%
Magic:  11/11      EV: 12    Int: 22 (25) God:
Gold:   93         SH:  0    Dex:  8 (11) Spells: 3/12 levels left

rFire    + . .     SeeInvis .   a - +1 short sword
rCold    . . .     Gourm    .   (no shield)
rNeg     . . .     Faith    .   i - +1 robe {rF+}
rPois    .         Spirit   .   s - +0 helmet
rElec    .         Reflect  .   (no cloak)
rCorr    .         Harm     .   (no gloves)
MR       +....                  (no boots)
Stlth    ++........             (no amulet)
Regen    0.2/turn               n - ring of protection from magic
MPRegen  0.2/turn               t - ring of wizardry

@: brilliant, lethally poisoned (0 -> -2), flying
A: rugged brown scales 1
a: no special abilities


You were on level 3 of the Dungeon.
You were hungry.

You visited 1 branch of the dungeon, and saw 4 of its levels.

You collected 93 gold pieces.

Inventory:

Hand Weapons
 a - a +1 short sword (weapon)
 w - a cursed -2 mace
Missiles
 e - 18 poisoned needles
 j - 53 stones (quivered)
 l - 33 arrows
 o - 41 sling bullets
Armour
 b - a +0 hat
 i - a +1 robe of fire resistance (worn)
 s - a +0 helmet (worn)
Jewellery
 m - a +3 ring of strength {unknown}
 n - a ring of protection from magic (left hand)
 t - a ring of wizardry (right hand)
Potions
 c - a potion of magic
 g - a potion of resistance
 p - a potion of cancellation {unknown}
 r - a potion of brilliance
 u - a potion of degeneration
Comestibles
 d - 3 bread rations
 f - 3 fruits
 h - 2 meat rations


   Skills:
 - Level 1.7 Dodging
 - Level 1.7 Stealth
 * Level 4.3 Spellcasting
 * Level 3.6 Conjurations
   Level 1.0 Summonings
 - Level 0.8 Translocations


You had 3 spell levels left.
You knew the following spells:

 Your Spells              Type           Power        Failure   Level  Hunger
a - Magic Dart            Conj           ####         1%          1    None
b - Blink                 Tloc           N/A          1%          2    #......
c - Conjure Flame         Conj/Fire      ####....     1%          3    ##.....
d - Mephitic Cloud        Conj/Pois/Air  ###.....     2%          3    ##.....


Dungeon Overview and Level Annotations

Branches:
Dungeon (4/15)
 Temple: D:4-7

Altars:
Yredelemnul

Annotations:
D:3 vuolankoinen's ghost, amateur HOFi


Innate Abilities, Weirdness & Mutations

You are partially covered in rugged brown scales. (AC +1, +3% HP)


Message History

You feel strangely unstable.
You feel sick. The scorpion closely misses you. The scorpion stings you.
* * * LOW HITPOINT WARNING * * *
You climb upwards.
Level annotation: vuolankoinen's ghost, amateur HOFi Vuolankoinen's ghost closely misses you.
There is a stone staircase leading down here.
Your surroundings suddenly seem different.
* * * LOW HITPOINT WARNING * * *
You feel sick.
It was a potion of magic.
Magic courses through your body.
It was a potion of brilliance.
You feel clever all of a sudden.
It was a potion of degeneration.
There was something very wrong with that liquid.
You feel weakened.
You feel dopey.
You feel clumsy.
It was a potion of flight.
You feel very buoyant.
You fly up into the air.
You die...

+.#
#.#########.########
#.# #.# #........#
##.####.# #.######.#
#..##.#.# #.#
#.......#########.#
####.#...............#
..#..#....######.#####
.##.#.#...# #.#
'#...###..# #@#
....#.#.#.# #.#
###.##.##.# #.#
#.##.##.# #.# ... #
#.# #.###. ..# ..# .
#.# ..# . #.. ....


There were no monsters in sight!

Vanquished Creatures
  A worker ant (D:4)
  5 adders
  An ooze (D:3)
  2 worms
  2 leopard geckos (D:1)
  3 orcs
  2 ball pythons
  4 giant cockroaches
  5 hobgoblins
  6 jackals
  A quokka (D:2)
  7 bats
  2 frilled lizards
  9 goblins
  10 kobolds
  6 rats
  A spectral orc (D:2)
67 creatures vanquished.

Notes
Turn   | Place    | Note
-------+----------+-------------------------------------------
     0 | D:1      | Chiseanne the Demonspawn Wizard began the quest for the Orb.
     0 | D:1      | Reached XP level 1. HP: 13/13 MP: 4/4
   276 | D:1      | Gained mutation: You are partially covered in rugged brown scales. (AC +1, +3% HP) [demonic ancestry]
   276 | D:1      | Reached XP level 2. HP: 13/19 MP: 0/6
  1054 | D:1      | Reached XP level 3. HP: 24/24 MP: 5/8
  1522 | D:2      | Learned a level 2 spell: Blink
  1526 | D:2      | Learned a level 3 spell: Conjure Flame
  1530 | D:2      | Learned a level 3 spell: Mephitic Cloud
  1808 | D:2      | Reached XP level 4. HP: 17/30 MP: 1/9
  2099 | D:2      | Found a basalt altar of Yredelemnul.
  2392 | D:2      | Reached skill level 4 in Spellcasting
  2417 | D:3      | Noticed vuolankoinen's ghost (amateur HOFi)
  3097 | D:4      | Reached XP level 5. HP: 16/36 MP: 0/11
  3501 | D:3      | HP: 1/36 [poisoned by a scorpion]
  3505 | D:3      | Succumbed to a scorpion's poison

Skill      XL: |  1  2  3  4 |
---------------+-------------+-----
Conjurations   | 2 3 |  3.6
Spellcasting   | 4 |  4.3
Dodging        | |  1.7
Stealth        | |  1.7
Summonings     | |  1.0
Translocations | |  0.8

Action                   |  1- 3 |  4- 6 || total
-------------------------+-------+-------++-------
Melee: Short sword       |    16 |     6 ||    22
 Cast: Magic Dart        |    91 |    95 ||   186
  Use: Scroll            |     5 |     5 ||    10
       Potion            |       |     4 ||     4
  Eat: Chunk             |     2 |     5 ||     7
Armor: Robe              |     4 |    11 ||    15
Dodge: Dodged            |    12 |    40 ||    52
